 Dungeon Crawl Stone Soup version 0.15-a0-53-g5e01d95 (webtiles) character file.

272 Bloax the Ruffian (level 5, -4/29 HPs)
             Began as a Gargoyle Transmuter on Apr 4, 2014.
             Killed by divine providence
             ... invoked by an orc priest
              (13 damage)
             ... on Level 5 of the Dungeon.
             The game lasted 00:09:20 (1490 turns).

Bloax the Ruffian (Gargoyle Transmuter)             Turns: 1490, Time: 00:09:20

HP  -4/29        AC 15     Str 13      XL: 5   Next: 30%
MP   4/11        EV 11     Int 14      God:
Gold 124         SH  0     Dex 11      Spells:  3 memorised,  4 levels left

rFire  . . .     SeeInvis .       - Unarmed
rCold  . . .     Clarity  .     q - +0 leather armour
rNeg   + . .     Conserve .     (no shield)
rPois  +         rCorr    .     m - +1 helmet
rElec  +         rRot     +     i - +0 cloak
SustAb . .       Spirit   .     j - +0 pair of gloves
rMut   .         Warding  .     (no boots)
Saprov . . .     Stasis   .     (no amulet)
MR     .....                    c - +4 ring of protection
                                e - ring of flight

@: very slightly contaminated, not resistant to hostile enchantments, very
unstealthy
A: life protection 1, electricity resistance, unbreathing, petrification
resistance, AC +4
a: Evoke Flight


You were on level 5 of the Dungeon.
You were not hungry.

You visited 1 branch of the dungeon, and saw 5 of its levels.

You collected 124 gold pieces.


Innate Abilities, Weirdness & Mutations

You are resistant to torment.
You are immune to poison.
You are immune to rotting.
Your stone body is very resilient (AC +4).*
You resist negative energy.
You are resistant to electric shocks.*
You can survive without breathing.*
You are immune to petrification.


   Skills:
 - Level 1.1 Fighting
 - Level 1.5 Dodging
 + Level 4.6 Unarmed Combat
 + Level 3.2 Spellcasting
 + Level 2.6 Transmutations


You had 4 spell levels left.
You knew the following spells:

 Your Spells              Type           Power        Failure   Level  Hunger
a - Beastly Appendage     Trmt           #.....       10%         1    #......
b - Sticks to Snakes      Trmt           #.........   14%         2    ##.....
c - Spider Form           Trmt/Pois      #.........   38%         3    ###....


Dungeon Overview and Level Annotations

Branches:
Dungeon (5/15)
 Temple: D:4-7

Altars:
Elyvilon

Annotations:
D:4 Sigmund

Inventory:

Hand weapons
 k - a +0 blowgun
   (You took it off a kobold on level 3 of the Dungeon)
Missiles
 r - 7 poisoned needles
 v - 13 arrows of flame
Armour
 i - a +0 cloak (worn)
   (You found it on level 1 of the Dungeon)
 j - a +0 pair of gloves (worn)
   (You found it on level 1 of the Dungeon)
 m - a +1 helmet (worn)
   (You found it on level 2 of the Dungeon)
 n - a +1 scale mail
   (You found it on level 3 of the Dungeon)
 q - a +0 leather armour (worn)
   (You found it on level 3 of the Dungeon)
Comestibles
 a - 2 bread rations
 w - a pear
Scrolls
 b - a scroll of identify
 f - a scroll of immolation {unknown}
 h - 3 scrolls of remove curse
 l - a scroll of blinking {unknown}
 o - a scroll of amnesia {unknown}
 p - 2 scrolls of enchant armour {unknown}
 s - 2 scrolls of recharging {unknown}
 u - a scroll of fog {unknown}
Jewellery
 c - a +4 ring of protection (right hand)
   (You found it on level 1 of the Dungeon)
 e - a ring of flight (left hand)
   (You found it on level 1 of the Dungeon)
Potions
 g - a potion of curing {unknown}
 t - a potion of heal wounds
Books
 d - a book of Changes

   Spells                             Type                      Level
   *Beastly Appendage                 Transmutation                1
   *Sticks to Snakes                  Transmutation                2
   *Spider Form                       Transmutation/Poison         3
   Ice Form                           Ice/Transmutation            4
   Blade Hands                        Transmutation                5

#.## ...# #..# #### #.. ..#
... #.# #.# #<# #.#
#.########.#
..#####.##....@o.###.##...
#................o.oo..o..o
.######.#############.####
#.# #.# #.# #.# ... ###


You could see 3 orc priests and 2 orcs.


Message History

You climb downwards.
There is a stone staircase leading up here.
Found 11 gold pieces.
Found a stone staircase leading down.
Found a potion of heal wounds.
You now have 124 gold pieces (gained 11).
An orc priest comes into view. It is wielding a short sword.
The orc priest shouts!
The orc priest mumbles some strange prayers to Beogh.
You feel a wave of unholy energy pass over you.
An orc priest is nearby!
Casting: Sticks to Snakes
Okay, then.
Wield which item (- for none, * to show all)? (? for menu, Esc to quit)
Okay, then.
Wield which item (- for none, * to show all)? (? for menu, Esc to quit)
v - 16 arrows of flame (in hand)
Casting: Sticks to Snakes You create a snake!
Casting: Sticks to Snakes You miscast Sticks to Snakes.
You are very lightly contaminated with residual magic.
Nothing appears to happen.
Casting: Sticks to Snakes You create a snake!
Casting: Sticks to Snakes You create a snake!
What do you say? t - Shout!
Orders for allies: a - Attack new target. r - Retreat! s - Stop attacking. w - Wait here. f - Follow me.
Anything else - Stay silent.
Okay, then.
Wield which item (- for none, * to show all)? (? for menu, Esc to quit)
You are now empty-handed.
Your ball python is smitten.
Your ball python dies!
An orc comes into view. It is wielding a hand axe.
The orc hits your ball python with a hand axe.
Your ball python dies!
Your ball python bites the orc.
You hit the orc.
The orc is heavily wounded.
The orc hits you but does no damage. What do you say? t - Shout!
Orders for allies: a - Attack new target. r - Retreat! s - Stop attacking. w - Wait here. f - Follow me.
Anything else - Stay silent.
Gang up on whom?
Aim: an orc priest, wielding a short sword Attack!
You hear a shout!
The orc priest calls upon Beogh to heal the orc.
The orc's wounds heal themselves!
The orc hits you but does no damage.
You closely miss the orc.
Your ball python grabs the orc priest.
Your ball python constricts the orc priest.
The orc priest hits your ball python with a short sword.
Your ball python dies!
An orc and 2 orc priests come into view.
The orc closely misses you.
The orc priest mumbles some strange prayers to Beogh against you.
Something smites you!
Ouch! That really hurt!
* * * LOW HITPOINT WARNING * * *
The orc priest mumbles some strange prayers to Beogh against you.
Something smites you!
You die...

Action                   |  1- 3 |  4- 6 || total
-------------------------+-------+-------++-------
Melee: Unarmed           |   140 |    30 ||   170
 Fire: Blowgun           |     6 |     6 ||    12
 Cast: Beastly Appendage |    11 |       ||    11
       Sticks to Snakes  |       |     5 ||     5
  Use: Scroll            |     1 |     1 ||     2

Vault maps used:
D:1:      dpeg_arrival_ratfight
D:3:      general_overflow_altar, lemuel_blue_sif_altar
D:4:      first_bread, minivault_24, uniq_sigmund, uniq_natasha
D:5:      xom_butterflies, roderic_lattice_a

Notes
Turn   | Place    | Note
--------------------------------------------------------------
     0 | D:1      | Bloax, the Gargoyle Transmuter, began the quest for the Orb.
     0 | D:1      | Reached XP level 1. HP: 12/12 MP: 3/3
   113 | D:1      | lel
   230 | D:2      | Reached XP level 2. HP: 16/16 MP: 1/4
   477 | D:2      | Learned a level 2 spell: Sticks to Snakes
   754 | D:3      | Found a white marble altar of Elyvilon.
   806 | D:3      | Reached XP level 3. HP: 20/20 MP: 6/6
   980 | D:3      | Learned a level 3 spell: Spider Form
  1017 | D:4      | Noticed Sigmund
  1178 | D:4      | Reached skill level 4 in Unarmed Combat
  1178 | D:4      | Reached skill level 2 in Transmutations
  1183 | D:4      | Noticed a scorpion
  1191 | D:4      | Killed a scorpion
  1191 | D:4      | Reached skill level 3 in Spellcasting
  1191 | D:4      | Reached XP level 4. HP: 22/25 MP: 7/9
  1270 | D:4      | Noticed Natasha
  1286 | D:4      | Killed Natasha
  1333 | D:4      | Noticed Natasha
  1347 | D:4      | Killed Natasha
  1347 | D:4      | Reached XP level 5. HP: 20/29 MP: 9/11
  1457 | D:5      | Entered Level 5 of the Dungeon
  1490 | D:5      | Killed from afar by an orc priest

Vanquished Creatures
  A scorpion (D:4)
  Natasha (twice) (D:4)
  An iguana (D:4)
  An adder (D:4)
  A worm (D:3)
  2 giant geckos
  An ooze (D:2)
  2 bats
  4 goblins
  4 hobgoblins
  A ball python (D:2)
  3 giant cockroaches
  3 giant newts
  7 kobolds
  A kobold skeleton (D:4)
  4 rats
38 creatures vanquished.
